 Dungeon Crawl Stone Soup version 0.22-a0-605-g9281fa2 (webtiles) character file.

74 royokou the Chopper (level 4, -10/39 HPs)
             Began as a Minotaur Berserker on July 9, 2018.
             Was a Believer of Trog.
             Killed by divine providence
             ... invoked by an orc priest
              (13 damage)
             ... on level 3 of the Dungeon.
             The game lasted 00:03:24 (2157 turns).

royokou the Chopper (Minotaur Berserker)            Turns: 2157, Time: 00:03:25

Health: -10/39     AC: 11    Str: 21    XL:     4   Next: 10%
Magic:  3/3        EV:  7    Int:  5    God:    Trog [**....]
Gold:   77         SH:  0    Dex: 14    Spells: 3/3 levels left

rFire    . . .     SeeInvis .   a - +0 hand axe
rCold    . . .     Gourm    .   (no shield)
rNeg     + . .     Faith    .   l - +0 plate armour
rPois    .         Spirit   .   (helmet restricted)
rElec    .         Reflect  .   (no cloak)
rCorr    .         Harm     .   (no gloves)
MR       ++...                  (no boots)
Stlth    ..........             (no amulet)
HPRegen  1.13/turn              n - +4 ring of dexterity
MPRegen  0.08/turn              m - ring of positive energy

@: regenerating
A: retaliatory headbutt, horns 2
a: Berserk, Trog's Hand, Renounce Religion


You were on level 3 of the Dungeon.
You worshipped Trog.
Trog was pleased with you.
You were not hungry.

You visited 1 branch of the dungeon, and saw 3 of its levels.

You collected 77 gold pieces.

Inventory:

Hand Weapons
 a - a +0 hand axe (weapon)
Armour
 b - a +0 animal skin
 j - a +0 leather armour
 l - a +0 plate armour (worn)
Jewellery
 g - an uncursed ring of stealth
 m - a ring of positive energy (right hand)
 n - a +4 ring of dexterity (left hand)
Scrolls
 d - 5 scrolls of identify {unknown}
 e - 3 scrolls of magic mapping {unknown}
 f - a scroll of blinking {unknown}
 h - a scroll of fear {unknown}
 k - a scroll of remove curse {unknown}
 o - 4 scrolls of teleportation {unknown}
Potions
 i - 2 potions of mutation {unknown}
 p - a potion of curing {unknown}
Comestibles
 c - 2 rations


   Skills:
 - Level 3.6 Fighting
 + Level 6.0 Axes
 - Level 2.4 Armour
 - Level 2.1 Dodging


You had 3 spell levels left.
You didn't know any spells.
Your spell library was empty.

Dungeon Overview and Level Annotations

Branches:
Dungeon (3/15)

Altars:
Cheibriados


Innate Abilities, Weirdness & Mutations

You reflexively headbutt those who attack you in melee.
You have a pair of horns on your head.


Message History

The orc priest mumbles some strange prayers to Beogh against you.
Beogh smites you! The orc hits you with a short sword.
You hit the orc.
You kill the orc!
Trog accepts your kill.
The orc priest mumbles some strange prayers to Beogh against you.
Beogh smites you!
* * * LOW HITPOINT WARNING * * *
You are too injured to fight recklessly!
The orc priest calls down the wrath of Beogh upon you.
Beogh smites you!
* * * LOW HITPOINT WARNING * * *
You hear an angry hiss.
Your skin crawls.
You feel resistant to hostile enchantments.
You feel somewhat more hungry. The orc hits you with a whip.
* * * LOW HITPOINT WARNING * * *
The orc priest invokes the aid of Beogh against you.
Beogh smites you!
You die...

#. ##.## #
####...#####o..#
#....#..o)o.o..#
######.##..o######...
....#...##.####
#...#.g.....# ##.
#..o##.##.# #...
##@###.##.# ...
#.###.##.# ...
#.##.#.#.#
#.#########.##..##.#
#.##...........###.#
#.##.......>#### #.#
#.<....###### #.#
#.###.## #.###.#####


You could see an orc priest, 2 orcs and a hobgoblin.

Vanquished Creatures
  3 adders
  3 worms
  2 leopard geckos
  An orc (D:3)
  2 giant cockroaches
  5 goblins
  4 hobgoblins
  3 kobolds
  A quokka (D:2)
  2 bats (D:2)
  4 frilled lizards
  9 rats
39 creatures vanquished.

Notes
Turn   | Place    | Note
-------+----------+-------------------------------------------
     0 | D:1      | royokou the Minotaur Berserker began the quest for the Orb.
     0 | D:1      | Reached XP level 1. HP: 19/19 MP: 0/0
    51 | D:1      | Found a snail-covered altar of Cheibriados.
    89 | D:1      | Reached skill level 4 in Axes
   476 | D:1      | Reached XP level 2. HP: 21/26 MP: 1/1
   949 | D:2      | Reached skill level 5 in Axes
   949 | D:2      | Reached XP level 3. HP: 6/31 MP: 2/2
  2070 | D:3      | Reached skill level 6 in Axes
  2070 | D:3      | Reached XP level 4. HP: 39/39 MP: 3/3
  2121 | D:3      | Reached ** piety under Trog
  2157 | D:3      | Killed from afar by an orc priest

Vault maps used:
D:1:      lemuel_arrival_rhombus, cheibriados_altar_1
D:2:      minmay_stone_trees_small
D:3:      lemuel_crystal_altar, chequers_temple_overflow_minitemple

Skill      XL: |  1  2  3 |
---------------+----------+-----
Axes           | 4 5 6 |  6.0
Fighting       | |  3.6
Armour         | |  2.4
Dodging        | |  2.1

Action                   |  1- 3 |  4- 6 || total
-------------------------+-------+-------++-------
Melee: Hand axe          |    87 |     9 ||    96
       Headbutt          |    13 |     1 ||    14
Invok: Trog's Hand       |       |     1 ||     1
 Stab: Sleeping          |     2 |       ||     2
  Eat: Chunk             |     3 |     1 ||     4
Armor: Animal skin       |     2 |       ||     2
       Leather armour    |    10 |       ||    10
       Plate armour      |     5 |     2 ||     7
Dodge: Dodged            |    55 |     2 ||    57

Table legend:
 A = Spawn XP
 B = Non-spawn XP
 C = Spawn XP percentage of total XP
 D = Spawn monster count
 E = Non-spawn monster count
 F = Spawn count percentage of total count
 G = Total turns spent on level
                    A         B        C        D         E        F      G
               +---------+---------+-------+---------+---------+-------+---------
         Total |       0 |     107 |   0.0 |       0 |      39 |   0.0 |  2157
               +---------+---------+-------+---------+---------+-------+---------
           D:1 |       0 |      16 |   0.0 |       0 |       9 |   0.0 |   809
           D:2 |       0 |      68 |   0.0 |       0 |      25 |   0.0 |  1254
           D:3 |       0 |      23 |   0.0 |       0 |       5 |   0.0 |    94
               +---------+---------+-------+---------+---------+-------+---------
